 Dungeon Crawl Stone Soup version 0.29.1-15-g9cfb28693d (webtiles) character file.

Game seed: 7351412358783984586

51 Dirian the Covered (level 3, 0/33 HPs)
             Began as a Minotaur Fighter on Mar 4, 2023.
             Slain by a kobold
             ... wielding the +7 trident of Charity {vorpal, rPois rC+ rCorr}
              (1 damage)
             ... on level 2 of the Dungeon.
             The game lasted 00:01:34 (1268 turns).

Dirian the Covered (Minotaur Fighter)               Turns: 1268, Time: 00:01:35

Health: 0/33       AC:  7    Str: 28    XL:     3   Next: 57%
Magic:  2/2        EV:  9    Int:  5    God:
Gold:   82         SH:  4    Dex:  9    Spells: 2/2 levels left

rFire   . . .      SeeInvis .   a - +0 war axe
rCold   . . .      Faith    .   c - +0 buckler
rNeg    . . .      Spirit   .   b - +0 scale mail
rPois   .          Reflect  .   (helmet restricted)
rElec   .          Harm     .   (no cloak)
rCorr   .          Rampage  .   (no gloves)
Will    .....                   (no boots)
Stlth   ..........              (no amulet)
HPRegen 0.11/turn               j - +6 ring of strength
MPRegen 0.08/turn               (no ring)

@: lethally poisoned (0 -> -1)
A: horns 2, retaliatory headbutt
a: no special abilities


You were on level 2 of the Dungeon.
You visited 1 branch of the dungeon, and saw 2 of its levels.

You collected 82 gold pieces.

Inventory:

Hand Weapons
 a - a +0 war axe (weapon)
Armour
 b - a +0 scale mail (worn)
 c - a +0 buckler (worn)
Jewellery
 j - a +6 ring of strength (left hand)
Scrolls
 g - 3 scrolls of identify {unknown}
 i - a scroll of silence {unknown}
 k - a scroll of enchant weapon {unknown}
 m - a scroll of amnesia {unknown}
Potions
 d - a potion of might
 e - a potion of attraction {unknown}
 f - a potion of curing {unknown}
 h - 2 potions of degeneration {unknown}
 l - 2 potions of heal wounds {unknown}


   Skills:
 + Level 4.3 Fighting
 + Level 2.9 Axes
 + Level 4.4 Armour
 + Level 0.6 Dodging
 + Level 4.0 Shields


You had 2 spell levels left.
You didn't know any spells.
Your spell library was empty.

Dungeon Overview and Level Annotations

Branches:
Dungeon (2/15) Zot: 10700

Altars:


Innate Abilities, Weirdness & Mutations

You have a pair of horns on your head.
You reflexively headbutt those who attack you in melee.


Message History

You are poisoned.
The adder poisons you!
You closely miss the adder.
You feel sick.
The adder bites you but does no damage. x2
You miss the adder.
You feel sick. The adder barely misses you.
You barely miss the adder. Your headbutt misses the adder.
You feel sick.
You are no longer poisoned.
The adder bites you but does no damage. The adder bites you.
You are poisoned.
The adder poisons you!
You hit the adder.
The adder is lightly wounded.
You feel sick. The adder bites you but does no damage.
The adder barely misses you.
The endoplasm jiggles.
You miss the adder. Your headbutt misses the adder.
The adder is lightly wounded.
You feel sick. The adder bites you but does no damage.
The adder completely misses you. You furiously retaliate!
You headbutt the adder. You hit the adder. Your headbutt misses the adder.
The adder is severely wounded.
You feel sick.
You are no longer poisoned.
You block the adder's attack. The adder bites you.
* * * LOW HITPOINT WARNING * * *
You are poisoned.
The adder poisons you!
You barely miss the adder. You headbutt the adder.
You kill the adder!
You feel sick.
Your Shields skill increases to level 4!
Unknown command.
You hit the endoplasm.
You kill the endoplasm!
You feel sick.
You feel sick.
The kobold hits you with the +7 trident of Charity {vorpal, rPois rC+ rCorr}.
* * * LOW HITPOINT WARNING * * *
You die...

...###.#.##.............
.......#.##........$....
######...##............. ####
#.####..........K.. ...# #.#
#....†.)...# ...# #.# #.##'#
...###.### #.##J#
.........####.##K#
.........#....##@#
.........#....##'###
.........'.........#
.........#..<......# ...
.........+.........# ...
.........#.........# #_#
.........#.........# #.#
.........####......######.##
.........####........#.....######


You could see an endoplasm and a kobold.

Vanquished Creatures
  An adder (D:2)
  A dart slug (D:1)
  2 ball pythons
  3 bats (D:1)
  6 endoplasms
  3 giant cockroaches
  4 goblins
  2 hobgoblins
  3 jackals (D:1)
  4 kobolds
  A quokka (D:1)
  2 rats
32 creatures vanquished.

Notes
Turn   | Place    | Note
-------+----------+-------------------------------------------
     0 | D:1      | Dirian the Minotaur Fighter began the quest for the Orb.
     0 | D:1      | Reached XP level 1. HP: 19/19 MP: 0/0
   133 | D:1      | Reached XP level 2. HP: 27/27 MP: 1/1
   992 | D:2      | Reached XP level 3. HP: 29/33 MP: 2/2
  1035 | D:2      | Found a faded altar of an unknown god.
  1248 | D:2      | Identified the +7 trident of Charity {vorpal, rPois rC+
                  | rCorr}
  1268 | D:2      | HP: 1/33 [kobold/the +7 trident of Charity {vorpal, rPois
                  | rC+ rCorr} (4)]
  1268 | D:2      | Slain by a kobold

Illustrated notes

Levels and vault maps discovered:
D:1:      minmay_arrival_up_and_down, layout_loops_cross,
          hangedman_feature_mirror, corner_web_ring
D:2:      layout_basic, shapermc_ecumenical_altar_mp_highgroup

Skill      XL: |  1  2  3 |
---------------+----------+-----
Armour         | 4 |  4.4
Fighting       | 4 |  4.3
Shields        | 4 |  4.0
Axes           | |  2.9
Dodging        | |  0.6

Action                   || total
-------------------------++-------
Melee: War axe           ||    78
       Headbutt          ||    10
Armor: Scale mail        ||    39
Dodge: Dodged            ||    33
Block: Buckler           ||    23
